 Dungeon Crawl Stone Soup version 0.27-a0-242-ge0fc76b88b (webtiles) character file.

Game seed: 6280669502592622235

42 knot the Chopper (level 3, 43/43 HPs)
             Began as a Demonspawn Berserker on Feb 3, 2021.
             Was a Follower of Trog.
             Quit the game on level 2 of the Dungeon.
             The game lasted 00:01:03 (1020 turns).

knot the Chopper (Demonspawn Berserker)             Turns: 1020, Time: 00:01:03

Health: 43/43      AC:  2    Str: 17    XL:     3   Next: 35%
Magic:  3/3        EV: 12    Int:  9    God:    Trog [*.....]
Gold:   67         SH:  0    Dex: 12    Spells: 2/2 levels left

rFire    . . .     SeeInvis .   a - +0 hand axe
rCold    + . .     Faith    .   (no shield)
rNeg     + . .     Spirit   .   b - +0 animal skin
rPois    .         Reflect  .   (no helmet)
rElec    .         Harm     .   d - scarf {+Inv}
rCorr    .         Rampage  .   (no gloves)
Will     .....                  (no boots)
Stlth    ..........             (no amulet)
HPRegen  0.14/turn              g - ring of positive energy
MPRegen  0.16/turn              h - ring of protection from cold

@: berserking, very quick
A: magic regeneration, demonic magic 1
a: Renounce Religion, Evoke Invisibility, Berserk


You were on level 2 of the Dungeon.
You worshipped Trog.
Trog was aware of your devotion.
You visited 1 branch of the dungeon, and saw 2 of its levels.

You collected 67 gold pieces.

Inventory:

Hand Weapons
 a - a +0 hand axe (weapon)
Missiles
 f - 4 stones
Armour
 b - a +0 animal skin (worn)
 d - a scarf of invisibility (worn)
Jewellery
 g - a ring of positive energy (left hand)
 h - a ring of protection from cold (right hand)
Scrolls
 c - 2 scrolls of identify {unknown}
 i - a scroll of remove curse {unknown}
Potions
 e - a potion of berserk rage {unknown}


   Skills:
 - Level 3.0 Fighting
 + Level 4.1 Axes
 - Level 1.7 Armour
 - Level 1.7 Dodging


You had 2 spell levels left.
You didn't know any spells.
Your spell library was empty.

Dungeon Overview and Level Annotations

Branches:
Dungeon (2/15)

Altars:


Innate Abilities, Weirdness & Mutations

You regenerate magic rapidly.
Spells you cast may paralyse adjacent enemies.


Message History

Jessica shouts!
A red film seems to cover your vision as you go berserk!
You feel yourself moving faster!
You feel mighty!
You slash Jessica!
Jessica is almost dead.
Jessica hits you but does no damage.
You barely miss Jessica.
Jessica is almost dead.
Jessica barely misses you.
You hit Jessica.
You kill Jessica!
Trog accepts your kill.
Trog appreciates your killing of a magic user.
Your Axes skill increases to level 4!
You have reached level 3!
Your experience leads to an increase in your attributes!
Increase (S)trength, (I)ntelligence, or (D)exterity?
You feel clever.
Your demonic ancestry asserts itself...
A menacing aura infuses your magic.
Are you sure you want to abandon this character and quit the game? (Confirm with "yes".)

#. ..# #. #.#
#.## #.# ..# #.#
#.# #.#
#.########.##
#...........#
##########..##
#@..#
......[.........
#######...######
#####


There were no monsters in sight!

Vanquished Creatures
  Jessica (D:2)
  A ball python (D:1)
  A goblin (D:1)
  2 hobgoblins (D:1)
  4 jackals (D:1)
  4 kobolds (D:1)
  2 rats (D:1)
15 creatures vanquished.

Notes
Turn   | Place    | Note
-------+----------+-------------------------------------------
     0 | D:1      | knot the Demonspawn Berserker began the quest for the Orb.
     0 | D:1      | Reached XP level 1. HP: 18/18 MP: 1/1
   166 | D:1      | You fall into a shaft and drop 1 floor!
   203 | D:1      | Reached skill level 3 in Axes
   218 | D:1      | Gained mutation: You regenerate magic rapidly. [demonic
                  | ancestry]
   218 | D:1      | Reached XP level 2. HP: 17/24 MP: 2/2
  1001 | D:1      | You fall into a shaft and drop 1 floor!
  1014 | D:2      | Noticed Jessica
  1019 | D:2      | Killed Jessica
  1020 | D:2      | Reached skill level 4 in Axes
  1020 | D:2      | Gained mutation: Spells you cast may paralyse adjacent
                  | enemies. [demonic ancestry]
  1020 | D:2      | Reached XP level 3. HP: 29/29 MP: 3/3
  1020 | D:2      | Quit the game

Illustrated notes

Levels and vault maps discovered:
D:1:      psy_arrival_fountain, layout_loops_ring
D:2:      layout_loops_ring, uniq_jessica

Skill      XL: |  1  2 |
---------------+-------+-----
Axes           | 3 4 |  4.1
Fighting       | |  3.0
Armour         | |  1.7
Dodging        | |  1.7

Action                   || total
-------------------------++-------
Melee: Hand axe          ||    45
Invok: Berserk           ||     3
Armor: Animal skin       ||     5
Dodge: Dodged            ||    29

Table legend: (Time is in decaauts)
 A = Elapsed time spent in this place.
 B = Non-inter-level travel time spent in this place.
 C = Inter-level travel time spent in this place.
 D = Time resting spent in this place.
 E = Time spent auto-exploring this place.
 F = Levels seen in this place.
 G = Mean time per level.
                   A        B        C        D        E       F      G
               +--------+--------+--------+--------+--------+-----+--------+
         Total |   1045 |   1045 |      0 |    378 |    552 |   2 |  522.5 |
       Dungeon |   1045 |   1045 |      0 |    378 |    552 |   2 |  522.5 |
               +--------+--------+--------+--------+--------+-----+--------+

Top non-repeatable levels by time:
     D:1: 1018 daAuts
     D:2: 26 daAuts
